 Dungeon Crawl Stone Soup version 0.25.0-11-g1f837a76a1 (webtiles) character file.

Game seed: 6465270244365065094

1446 xccam the Thaumaturge (level 8, -1/48 HPs)
             Began as a Gnoll Wanderer on June 24, 2020.
             Was a Believer of Kikubaaqudgha.
             Slain by a tentacled starspawn (15 damage)
             ... on level 2 of the Abyss.
             The game lasted 00:15:00 (6748 turns).

xccam the Thaumaturge (Gnoll Wanderer)              Turns: 6748, Time: 00:15:02

Health: -1/48      AC:  9    Str: 27    XL:     8   Next: 75%
Magic:  20/20      EV: 12    Int: 13    God:    Kikubaaqudgha [**....]
Gold:   378        SH:  0    Dex: 14    Spells: 18/23 levels left

rFire    . . .     SeeInvis .   q - +1 mace (drain)
rCold    . . .     Gourm    .   (no shield)
rNeg     . . .     Faith    .   e - +0 scale mail
rPois    .         Spirit   .   n - +0 helmet
rElec    .         Reflect  .   s - +0 cloak
rCorr    .         Harm     .   (no gloves)
MR       .....                  (no boots)
Stlth    ..........             (no amulet)
HPRegen  0.16/turn              c - +6 ring of strength
MPRegen  0.17/turn              a - ring of attention (curse)

@: no status effects
A: distributed training, claws 1, fangs 2, [blurry vision 2], [frail 2],
[screaming 2], strong 1, [subdued magic 2], strong nose
a: Receive Corpses, Renounce Religion


You were on level 2 of the Abyss.
You worshipped Kikubaaqudgha.
Kikubaaqudgha was pleased with you.
You were hungry.

You visited 1 branch of the dungeon, and saw 6 of its levels.
You visited the Abyss 1 time.

You collected 378 gold pieces.

Inventory:

Hand Weapons
 g - a +0 hand axe
 q - a +1 mace of draining (weapon)
Missiles
 k - 8 boomerangs (quivered)
 w - 7 silver boomerangs
Armour
 e - a +0 scale mail (worn)
 j - a +0 chain mail
 n - a +0 helmet (worn)
 s - a +0 cloak (worn)
Jewellery
 a - a cursed ring of attention (right claw)
 c - a +6 ring of strength (left claw)
Wands
 u - a wand of polymorph (9)
Scrolls
 b - a scroll of blinking
 h - 2 scrolls of enchant weapon
 i - 2 scrolls of teleportation
 l - 6 scrolls of identify {unknown}
 m - 2 scrolls of immolation
 o - a scroll of random uselessness {unknown}
 r - 4 scrolls of remove curse
Potions
 d - 2 potions of curing
 p - a potion of brilliance {unknown}
 t - a potion of might
 v - a potion of heal wounds {unknown}
Comestibles
 f - 8 rations


   Skills:
 + Level 4.4 Fighting
 + Level 3.4 Short Blades
 + Level 3.4 Long Blades
 + Level 3.4 Axes
 + Level 3.4 Maces & Flails
 + Level 3.4 Polearms
 + Level 3.4 Staves
 + Level 3.4 Slings
 + Level 3.4 Bows
 + Level 3.4 Crossbows
 + Level 4.4 Throwing
 + Level 3.4 Armour
 + Level 4.4 Dodging
 + Level 4.2 Stealth
 + Level 3.4 Shields
 + Level 3.4 Unarmed Combat
 + Level 8.0 Spellcasting
 + Level 2.8 Conjurations
 + Level 4.8 Hexes
 + Level 2.8 Charms
 + Level 2.8 Summonings
 + Level 2.8 Necromancy
 + Level 2.8 Translocations
 + Level 2.8 Transmutations
 + Level 2.8 Fire Magic
 + Level 2.8 Ice Magic
 + Level 2.8 Air Magic
 + Level 2.8 Earth Magic
 + Level 2.8 Poison Magic
 + Level 3.8 Invocations
 + Level 4.4 Evocations


You had 18 spell levels left.
You knew the following spells:

 Your Spells              Type           Power        Failure   Level  Hunger
a - Summon Small Mammal   Summ           #...         6%          1    None
b - Animate Skeleton      Necr           N/A          6%          1    None
c - Sublimation of Blood  Necr           #.........   10%         2    None
d - Pain                  Necr           #...         6%          1    None

Your spell library contained the following spells:

 Spells                   Type           Power        Failure   Level  Hunger
 Recall                   Summ/Tloc      N/A          21%         3    ##.....
 Vampiric Draining        Necr           #.........   21%         3    ##.....


Dungeon Overview and Level Annotations

Branches:
Dungeon (6/15)
 Temple: D:4-7

Altars:
Kikubaaqudgha
Ru
Xom

Annotations:
D:6 mopl's ghost, novice OpAM


Innate Abilities, Weirdness & Mutations

Your experience applies equally to all skills.
You have extremely sharp teeth.
Your uncanny sense of smell can sniff out nearby items.
You have sharp fingernails.
Your muscles are strong. (Str +2)
[Scrolls take you longer to read.]
[You are very frail. (-20% HP)]
[You sometimes yell uncontrollably at your foes.]
[Your spells are easier to cast, but less powerful.]


Message History

The wretched star pulses with an eldritch light!
You feel frail. x2
The wretched star glows turbulently.
The lance of force hits you!!
Ouch! That really hurt!
You are knocked back by the lance of force.
You slam into the metal wall!
* * * LOW HITPOINT WARNING * * *
Okay, then.
You hit the tentacled starspawn.
The tentacled starspawn is lightly damaged.
The wretched star pulses with an eldritch light!
Your vision blurs. x2
You barely miss the tentacled starspawn.
The tentacled starspawn is lightly damaged.
The tentacled starspawn barely misses you.
The tentacled starspawn engulfs you but does no damage.
The tentacled starspawn bites you!
You die...
Kikubaaqudgha rasps: "You have failed me!
Welcome... death!"

. ... ..#.# #... .
....# . ..*#.# .
###.. .## ...#
.#....#..##.#.###
.........#. ....#
........ ...#.#..#
.......#...#*.##.#
. .... #.##X#..#
..#....####@##§##
......#. #.#.# . .
.. #. ##.##..# ###
## . .. ∆ ##


You could see a tentacled starspawn and a wretched star.

Vanquished Creatures
  Grinder (D:3)
  A sky beast (D:6)
  Duvessa (D:5)
  2 orc warriors
  A centaur (D:3)
  A small abomination (Abyss:2)
  Dowan (D:5)
  A crimson imp (D:5)
  A bullfrog zombie (D:2)
  2 hounds
  A jelly (D:3)
  2 orc priests
  A bullfrog skeleton (D:4)
  An iguana (D:5)
  An orc wizard (D:4)
  3 worker ants (D:4)
  A howler monkey skeleton (D:4)
  6 adders
  4 gnolls (D:6)
  3 oozes
  An adder zombie (D:5)
  2 worms
  3 dart slugs
  6 leopard geckos
  7 orcs
  7 giant cockroaches
  6 goblins
  11 hobgoblins
  4 jackals
  3 quokkas
  A ball python (D:4)
  4 bats
  4 frilled lizards
  2 kobolds (D:3)
  A quokka zombie (D:6)
  9 rats
106 creatures vanquished.

Vanquished Creatures (collateral kills)
  An ogre (D:5)
  2 worker ants (D:5)
  An orc (D:6)
  A jackal (D:1)
  3 frilled lizards
  A goblin (D:3)
9 creatures vanquished.

Vanquished Creatures (others)
  A plant (D:6)
  2 starspawn tentacles (Abyss:2)
3 creatures vanquished.

Grand Total: 118 creatures vanquished

Notes
Turn   | Place    | Note
-------+----------+-------------------------------------------
     0 | D:1      | xccam the Gnoll Wanderer began the quest for the Orb.
     0 | D:1      | xccam set off with the following items: a +2 dagger, a
                  | scroll of blinking, a potion of curing, a +0 robe, a
                  | ration; and the following spell memorised: Summon Small
                  | Mammal; and the following spells available to memorise:
                  | Recall
     0 | D:1      | Reached XP level 1. HP: 17/17 MP: 8/8
   408 | D:1      | Reached XP level 2. HP: 23/23 MP: 10/10
  1116 | D:2      | Found a faded altar of an unknown god.
  1119 | D:2      | Became a worshipper of Kikubaaqudgha
  1119 | D:2      | Reached * piety under Kikubaaqudgha
  1119 | D:2      | Identified Kikubaaqudgha's Reference Book on Unholy Arts
                  | (Kikubaaqudgha gifted it to you on level 2 of the Dungeon)
  1119 | D:2      | Received a gift from Kikubaaqudgha
  1123 | D:2      | Learned a level 1 spell: Animate Skeleton
  1126 | D:2      | Learned a level 2 spell: Sublimation of Blood
  1128 | D:2      | Learned a level 1 spell: Pain
  1270 | D:2      | Reached XP level 3. HP: 28/28 MP: 11/11
  1302 | D:2      | Reached skill level 1 in Short Blades
  1302 | D:2      | Reached skill level 1 in Long Blades
  1302 | D:2      | Reached skill level 1 in Axes
  1302 | D:2      | Reached skill level 1 in Maces & Flails
  1302 | D:2      | Reached skill level 1 in Polearms
  1302 | D:2      | Reached skill level 1 in Staves
  1302 | D:2      | Reached skill level 1 in Slings
  1302 | D:2      | Reached skill level 1 in Bows
  1302 | D:2      | Reached skill level 1 in Crossbows
  1302 | D:2      | Reached skill level 1 in Armour
  1302 | D:2      | Reached skill level 1 in Shields
  1302 | D:2      | Reached skill level 1 in Unarmed Combat
  1302 | D:2      | Reached skill level 1 in Invocations
  1481 | D:2      | Reached XP level 4. HP: 34/34 MP: 13/13
  1580 | D:2      | You fall into a shaft and drop 2 floors!
  1582 | D:4      | Noticed an orc warrior
  1763 | D:4      | Reached skill level 1 in Conjurations
  1763 | D:4      | Reached skill level 1 in Charms
  1763 | D:4      | Reached skill level 1 in Summonings
  1763 | D:4      | Reached skill level 1 in Necromancy
  1763 | D:4      | Reached skill level 1 in Translocations
  1763 | D:4      | Reached skill level 1 in Transmutations
  1763 | D:4      | Reached skill level 1 in Fire Magic
  1763 | D:4      | Reached skill level 1 in Ice Magic
  1763 | D:4      | Reached skill level 1 in Air Magic
  1763 | D:4      | Reached skill level 1 in Earth Magic
  1763 | D:4      | Reached skill level 1 in Poison Magic
  1825 | D:4      | Reached XP level 5. HP: 40/40 MP: 14/14
  1886 | D:4      | HP: 2/40 [orc priest/divine providence (9)]
  1890 | D:4      | Gained mutation: You have extremely sharp teeth. [potion of
                  | mutation]
  1890 | D:4      | Gained mutation: Your muscles are strong. (Str +2) [potion
                  | of mutation]
  1890 | D:4      | Gained mutation: You have sharp fingernails. [potion of
                  | mutation]
  2045 | D:4      | Reached XP level 6. HP: 32/47 MP: 16/16
  2054 | D:4      | Killed an orc warrior
  2991 | D:3      | Noticed Grinder
  3013 | D:3      | Killed Grinder
  3013 | D:3      | Reached ** piety under Kikubaaqudgha
  3013 | D:3      | Reached XP level 7. HP: 14/52 MP: 15/18
  5125 | D:5      | Entered Level 5 of the Dungeon
  5135 | D:5      | Noticed Duvessa
  5135 | D:5      | Noticed Dowan
  5147 | D:5      | Killed Duvessa
  5147 | D:5      | Reached XP level 8. HP: 50/60 MP: 13/19
  5152 | D:5      | Killed Dowan
  5186 | D:5      | Found a shimmering altar of Xom.
  5262 | D:5      | Found a sacrificial altar of Ru.
  6558 | D:6      | Reached skill level 8 in Spellcasting
  6660 | D:6      | Noticed mopl's ghost (novice OpAM)
  6661 | D:6      | Found a runed translucent gate.
  6661 | D:6      | Found a runed translucent gate.
  6661 | D:6      | Found a runed translucent gate.
  6675 | D:6      | Cast into level 2 of the Abyss (big kobold)
  6703 | Abyss:2  | Found a corrupted altar of Lugonu.
  6731 | Abyss:2  | Noticed a tentacled starspawn
  6731 | Abyss:2  | Noticed a wretched star
  6748 | Abyss:2  | Slain by a tentacled starspawn

Illustrated notes

Levels and vault maps discovered:
D:1:      dpeg_arrival_arbitrary_c, layout_loops_ring
D:2:      minmay_chambers_of_twos, layout_loops_ring,
          chequers_ecumenical_altar_grove, minmay_curled_crystal
D:3:      layout_basic, uniq_grinder
D:4:      layout_basic, first_ration
D:5:      layout_basic, old_standard_altar, basic_altar, uniq_duvessa
D:6:      layout_cave_pods, gammafunk_ghost_nasty_kobolds, serial_shops,
          nicolae_shop_trees
Abyss:2:  base: D:4, evilmike_abyss_exit_10, evilmike_abyss_exit_15

Skill      XL: |  1  2  3  4  5  6  7  8 |
---------------+-------------------------+-----
Short Blades   | 1 2 3 |  3.4
Long Blades    | 1 2 3 |  3.4
Axes           | 1 2 3 |  3.4
Maces & Flails | 1 2 3 |  3.4
Polearms       | 1 2 3 |  3.4
Staves         | 1 2 3 |  3.4
Slings         | 1 2 3 |  3.4
Bows           | 1 2 3 |  3.4
Crossbows      | 1 2 3 |  3.4
Armour         | 1 2 3 |  3.4
Shields        | 1 2 3 |  3.4
Unarmed Combat | 1 2 3 |  3.4
Invocations    | 1 2 3 |  3.8
Conjurations   | 1 2 |  2.8
Charms         | 1 2 |  2.8
Summonings     | 1 2 |  2.8
Necromancy     | 1 2 |  2.8
Translocations | 1 2 |  2.8
Transmutations | 1 2 |  2.8
Fire Magic     | 1 2 |  2.8
Ice Magic      | 1 2 |  2.8
Air Magic      | 1 2 |  2.8
Earth Magic    | 1 2 |  2.8
Poison Magic   | 1 2 |  2.8
Fighting       | 3 4 |  4.4
Throwing       | 3 4 |  4.4
Dodging        | 3 4 |  4.4
Hexes          | 4 |  4.8
Evocations     | 3 4 |  4.4
Stealth        | 3 4 |  4.2
Spellcasting   | 8 |  8.0

Action                   |  1- 3 |  4- 6 |  7- 9 || total
-------------------------+-------+-------+-------++-------
Melee: Dagger            |    48 |     2 |       ||    50
       Bite              |     5 |    11 |    14 ||    30
       Mace              |       |    60 |   159 ||   219
       Punch             |       |       |     3 ||     3
Throw: Boomerang         |     6 |    33 |    13 ||    52
 Cast: Summon Small Mamm |     3 |     4 |     3 ||    10
       Pain              |       |       |     7 ||     7
       Animate Skeleton  |       |       |    11 ||    11
Invok: Receive Corpses   |       |       |     1 ||     1
  Use: Scroll            |       |     2 |     2 ||     4
       Potion            |       |     7 |     1 ||     8
 Stab: Sleeping          |     2 |     4 |       ||     6
  Eat: Chunk             |     2 |     4 |    12 ||    18
Armor: Robe              |     3 |       |       ||     3
       Ring mail         |     6 |    15 |    20 ||    41
       Skin              |       |    17 |       ||    17
       Scale mail        |       |       |    45 ||    45
Dodge: Dodged            |    26 |    36 |   125 ||   187
